 Dungeon Crawl Stone Soup version 0.15.2 (webtiles) character file.

28602 Heini the Bludgeoner (level 13, -8/125 HPs)
             Began as a Minotaur Fighter on Mar 9, 2015.
             Was the Champion of Okawaru.
             Mangled by a polar bear (10 damage)
             ... in an ice cave.
             The game lasted 00:38:03 (16889 turns).

Heini the Bludgeoner (Minotaur Fighter)            Turns: 16889, Time: 00:38:03

HP  -8/125       AC 27     Str 25      XL: 13   Next: 10%
MP   6/6         EV 11     Int  5      God: Okawaru [******]
Gold 1081        SH  0     Dex 11      Spells:  0 memorised, 12 levels left

rFire  + . .     SeeInvis +     P - +1 great mace (protect)
rCold  + . .     Clarity  .     o - +0 plate armour
rNeg   . . .     rCorr    +     (no shield)
rPois  +         rRot     .     Y - +1 hat
rElec  +         Spirit   .     (no cloak)
SustAb .         Warding  .     t - +0 pair of gloves
rMut   .         Stasis   .     f - +2 pair of boots
Gourm  .                        V - amulet of resist corrosion
MR     .....                    y - ring of see invisible
                                a - cursed +4 ring of evasion

@: resistant, not resistant to hostile enchantments, extremely unstealthy
A: retaliatory headbutt, horns 2
a: Heroism, Finesse, Renounce Religion


You were in an ice cave.
You worshipped Okawaru.
Okawaru was exalted by your worship.
You were hungry.

You visited 3 branches of the dungeon, and saw 18 of its levels.
You also visited: Ice Cave.

You collected 1081 gold pieces.

Inventory:

Hand weapons
 h - a +1 flail of holy wrath
 P - a +1 great mace of protection (weapon)
Armour
 c - a +0 shield
 f - a +2 pair of boots (worn)
 o - a +0 plate armour (worn)
 t - a +0 pair of gloves (worn)
 E - a +1 chain mail of positive energy
 Y - a +1 hat (worn)
Magical devices
 r - a wand of polymorph (7)
 x - a wand of frost (12)
 B - a wand of polymorph (14)
 K - a wand of enslavement (18)
 N - a wand of slowing (13)
 R - a wand of cold (6) {unknown}
 S - a wand of slowing (5)
 T - a wand of digging (16) {unknown}
 U - a wand of digging (14) {unknown}
 W - a wand of frost (13)
Comestibles
 d - 7 bread rations
 l - 3 fruits
 m - 10 slices of pizza
 s - 7 meat rations
 H - 3 beef jerkies
 X - a chunk of quokka flesh
 Z - a chunk of polar bear flesh
Scrolls
 g - 3 scrolls of magic mapping
 n - 4 scrolls of enchant weapon
 u - 3 scrolls of amnesia
 w - a scroll of fog
 A - a scroll of remove curse
 F - 2 scrolls of blinking
 G - 4 scrolls of teleportation
 I - a scroll of vulnerability
 O - 6 scrolls of identify
 Q - a scroll of holy word {unknown}
Jewellery
 a - a cursed +4 ring of evasion (left hand)
 y - a ring of see invisible (right hand)
 J - an uncursed amulet of resist mutation
 V - an amulet of resist corrosion (around neck)
Potions
 b - 2 potions of invisibility
 e - a potion of might
 i - a potion of brilliance
 j - a potion of haste
 k - 11 potions of curing
 p - 3 potions of cancellation
 v - 3 potions of flight
 z - 2 potions of agility {unknown}
 D - 3 potions of berserk rage
 L - a potion of porridge
Books
 C - a book of Debilitation

   Spells                             Type                      Level
   Corona                             Hexes                        1
   Slow                               Hexes                        2
   Inner Flame                        Hexes/Fire                   3
   Enslavement                        Hexes                        4
   Cause Fear                         Hexes                        4
   Leda's Liquefaction                Hexes/Earth                  4
Rods
 M - a +0 lightning rod (9/9)
   (You found it on level 3 of the Lair of Beasts)


   Skills:
 * Level 14.4 Fighting
 * Level 16.5 Maces & Flails
 * Level 14.1 Armour
 - Level 3.6 Shields
 + Level 0.6 Evocations


You had 12 spell levels left.
You didn't know any spells.

Dungeon Overview and Level Annotations

Branches:
Dungeon (12/15)            Temple (1/1) D:7             Orc (0/4) D:11
   Lair (5/8) D:9           Swamp (0/5) Lair:4        Snake (0/5) Lair:4

Altars:
Ashenzari
Cheibriados
Dithmenos
Elyvilon
Fedhas
Kikubaaqudgha
Makhleb
Nemelex Xobeh
Okawaru
Qazlal
Sif Muna
Trog
Vehumet
Xom
Yredelemnul
Zin
The Shining One
Beogh

Shops:
D:9 [


Innate Abilities, Weirdness & Mutations

You reflexively headbutt those who attack you in melee.
You have a pair of horns on your head.


Message History

The polar bear is severely wounded.
You are engulfed in freezing vapours.
* * * LOW HITPOINT WARNING * * *
You are feeling hungry.
Drink which item? (? for menu, Esc to quit)
You feel protected.
You are engulfed in freezing vapours.
You resist.
The polar bear bites you but does no damage.
The polar bear barely misses you.
The polar bear claws you but does no damage.
You hit the polar bear. Your headbutt misses the polar bear.
The polar bear is severely wounded.
You are engulfed in freezing vapours.
You resist.
The polar bear is engulfed in freezing vapours.
The polar bear bites you but does no damage.
The polar bear claws you but does no damage. x2
You hit the polar bear but do no damage.
The polar bear is severely wounded.
The polar bear bites you!
You die...

## ##. #..
#..##
#...#
#§§##
##h.##
#@#.§##
#..#...§#
#$#.##§§##
#? $##..##
# ###.§##
##.##
##..#
#...##
##...#


You could see a polar bear.

Vanquished Creatures
  Josephine (D:11)
  2 hydras
  Harold (Lair:3)
  Erica (D:11)
  2 death yaks (Lair:5)
  Nergalle (D:11)
  A catoblepas (Lair:3)
  A hill giant (D:11)
  An ugly thing (D:10)
  A manticore (D:11)
  A guardian serpent (Lair:4)
  A torpor snail (Lair:5)
  2 black mambas (Lair:2)
  A gargoyle (D:10)
  7 spiny frogs
  9 komodo dragons
  A wandering mushroom (D:9)
  2 fire drakes
  3 polar bears (IceCv)
  A shadow (D:11)
  2 wyverns
  A hill giant zombie (D:11)
  2 hungry ghosts
  19 yaks
  A steam dragon (D:8)
  A human (D:8)
  3 hippogriffs
  A mottled dragon (D:11)
  2 wolves (IceCv)
  Edmund (D:7)
  5 nagas (Lair:4)
  3 orc warriors
  5 water moccasins
  A necrophage (D:10)
  13 porcupines
  10 ogres
  A sky beast (D:7)
  A black bear (D:8)
  8 crocodiles
  3 phantoms
  3 ice beasts
  5 centaurs
  Sigmund (D:2)
  2 big kobolds
  12 giant frogs
  A gnoll sergeant (D:6)
  4 killer bees (D:9)
  6 scorpions
  A hippogriff zombie (D:8)
  2 troll skeletons
  2 crimson imps (D:7)
  3 hounds
  A black bear zombie (D:9)
  A jelly (D:11)
  3 giant frog skeletons
  3 goliath beetles
  10 orc priests
  A two-headed ogre skeleton (D:7)
  A centaur skeleton (D:6)
  7 iguanas
  12 orc wizards
  Natasha (thrice) (D:4)
  9 worker ants
  10 sheep
  A yak simulacrum (D:11)
  A centaur simulacrum (D:11)
  A hound skeleton (D:5)
  3 mummies
  17 gnolls
  13 adders
  52 green rats
  A human zombie (D:7)
  A giant mite (D:5)
  3 worms (D:3)
  A goliath beetle zombie (D:7)
  An inept item mimic (Lair:1)
  13 white imps
  3 shadow imps
  2 iguana zombies
  An iguana skeleton (D:7)
  2 orc skeletons
  3 giant geckos
  2 oozes (D:1)
  46 orcs
  2 ball pythons
  12 bats
  A bat skeleton (D:7)
  3 giant cockroaches
  20 goblins
  14 hobgoblins
  19 kobolds
  12 quokkas
  4 giant newts
  A goblin zombie (D:7)
  2 hobgoblin skeletons
  A hobgoblin zombie (D:7)
  19 rats
  9 spectral orcs (D:11)
  3 ballistomycetes (D:8)
  3 fungi (D:9)
518 creatures vanquished.

Vanquished Creatures (others)
  A wolf (IceCv)
  An orc wizard (D:10)
  A giant spore (D:8)
  3 fungi
6 creatures vanquished.

Grand Total: 524 creatures vanquished

Notes
Turn   | Place    | Note
--------------------------------------------------------------
     0 | D:1      | Heini, the Minotaur Fighter, began the quest for the Orb.
     0 | D:1      | Reached XP level 1. HP: 19/19 MP: 1/1
   327 | D:1      | Reached skill level 4 in Fighting
   327 | D:1      | Reached XP level 2. HP: 25/27 MP: 1/1
   897 | D:2      | Reached XP level 3. HP: 34/34 MP: 2/2
   941 | D:2      | Noticed Sigmund
   951 | D:2      | Killed Sigmund
   951 | D:2      | Reached skill level 5 in Fighting
   951 | D:2      | Reached XP level 4. HP: 26/42 MP: 2/2
  1280 | D:3      | Reached skill level 5 in Armour
  1459 | D:3      | Reached XP level 5. HP: 48/48 MP: 2/2
  1842 | D:3      | Noticed a centaur
  1848 | D:3      | Killed a centaur
  1848 | D:3      | Reached skill level 6 in Armour
  1848 | D:3      | Reached XP level 6. HP: 43/56 MP: 3/3
  2247 | D:4      | Reached skill level 5 in Maces & Flails
  2368 | D:4      | Reached skill level 7 in Armour
  2368 | D:4      | Reached XP level 7. HP: 36/63 MP: 3/3
  2382 | D:4      | Noticed Natasha
  2388 | D:4      | Killed Natasha
  2677 | D:4      | Noticed Natasha
  2689 | D:4      | Killed Natasha
  2727 | D:4      | Noticed Natasha
  2731 | D:4      | Killed Natasha
  2773 | D:5      | Entered Level 5 of the Dungeon
  3518 | D:5      | Reached XP level 8. HP: 50/73 MP: 3/3
  3588 | D:5      | Reached skill level 8 in Armour
  4841 | D:6      | Reached skill level 9 in Armour
  5067 | D:7      | Reached XP level 9. HP: 65/82 MP: 4/4
  5100 | D:7      | Noticed Edmund
  5392 | D:7      | Killed Edmund
  5818 | D:7      | Found a staircase to the Ecumenical Temple.
  5841 | Temple   | Entered the Ecumenical Temple
  5937 | Temple   | Became a worshipper of Warmaster Okawaru
  6178 | D:8      | Reached skill level 10 in Maces & Flails
  6182 | D:8      | Reached skill level 10 in Armour
  6316 | D:8      | Acquired Okawaru's first power
  6594 | D:8      | Reached skill level 10 in Fighting
  6637 | D:8      | Reached XP level 10. HP: 41/93 MP: 4/4
  7076 | D:8      | Reached skill level 11 in Maces & Flails
  7244 | D:9      | Found a staircase to the Lair.
  7271 | D:9      | You fall through a shaft!
  7271 | D:10     | Entered Level 10 of the Dungeon
  7543 | D:9      | Found Frit's Antique Armour Shoppe.
  8126 | D:10     | Reached skill level 12 in Maces & Flails
  9043 | D:11     | Noticed Erica
  9058 | D:11     | Killed Erica
  9109 | D:11     | Noticed a hill giant
  9113 | D:11     | Killed a hill giant
  9113 | D:11     | Reached XP level 11. HP: 79/102 MP: 5/5
  9126 | D:11     | Noticed Josephine
  9355 | D:11     | Found a shadowy altar of Dithmenos.
  9389 | D:11     | Found a staircase to the Orcish Mines.
  9389 | D:11     | Noticed Nergalle
  9459 | D:11     | Killed Nergalle
  9459 | D:11     | Reached skill level 13 in Maces & Flails
  9572 | D:11     | Found a roughly hewn altar of Beogh.
  9573 | D:11     | Noticed a manticore
  9602 | D:11     | HP: 3/104 [orc priest/divine providence (14)]
  9893 | D:10     | HP: 3/104 [acid (8)]
 10263 | D:11     | Killed a manticore
 10670 | D:11     | Killed Josephine
 10670 | D:11     | Acquired Okawaru's second power
 11128 | Lair:1   | Entered Level 1 of the Lair of Beasts
 11297 | Lair:1   | Noticed an eight-headed hydra
 11311 | Lair:1   | HP: 3/104 [eight-headed hydra (4)]
 11899 | Lair:2   | Reached skill level 14 in Maces & Flails
 12772 | Lair:1   | Killed an eight-headed hydra
 12772 | Lair:1   | Reached XP level 12. HP: 92/113 MP: 6/6
 13211 | Lair:2   | Noticed a five-headed hydra
 13220 | Lair:2   | Killed a five-headed hydra
 13927 | Lair:3   | Noticed Harold
 13939 | Lair:3   | Killed Harold
 13939 | Lair:3   | Received a gift from Okawaru
 13939 | Lair:3   | Reached skill level 15 in Maces & Flails
 15556 | Lair:4   | Found a staircase to the Swamp.
 15636 | Lair:4   | Received a gift from Okawaru
 15671 | Lair:4   | Reached skill level 16 in Maces & Flails
 16119 | Lair:4   | Found a staircase to the Snake Pit.
 16720 | Lair:5   | Found a frozen archway.
 16726 | Lair:5   | Received a gift from Okawaru
 16726 | Lair:5   | Reached XP level 13. HP: 107/124 MP: 6/6
 16788 | IceCv    | Entered an ice cave
 16886 | IceCv    | HP: 1/125 [cloud of freezing vapour (17)]
 16889 | IceCv    | Mangled by a polar bear

Action                   |  1- 3 |  4- 6 |  7- 9 | 10-12 | 13-15 || total
-------------------------+-------+-------+-------+-------+-------++-------
Melee: Flail             |    54 |   127 |   458 |   827 |       ||  1466
       Great mace        |       |       |       |   211 |    40 ||   251
Evoke: Wand              |       |       |     2 |     2 |       ||     4
  Use: Scroll            |       |    10 |     7 |    10 |       ||    27
       Potion            |       |       |     1 |     4 |     1 ||     6
  Eat: Chunk             |       |     5 |    15 |    29 |     2 ||    51
       Fruit             |       |       |       |     2 |       ||     2
